 Dungeon Crawl Stone Soup version 0.19.5 (webtiles) character file.

17857 McKennaii the Thaumaturge (level 12, -3/62 HPs)
             Began as a Deep Elf Fire Elementalist on May 10, 2017.
             Was a Priest of Vehumet.
             Killed by drain life
             ... invoked by a soul eater
             ... summoned by a kobold demonologist
              (13 damage)
             ... on level 13 of the Dungeon.
             The game lasted 01:04:02 (15211 turns).

McKennaii the Thaumaturge (DEFE)                   Turns: 15211, Time: 01:04:04

Health: -3/62      AC: 11    Str:  8    XL:     12   Next: 22%
Magic:  1/32       EV: 12    Int: 26    God:    Vehumet [***...]
Gold:   687        SH:  0    Dex: 15    Spells: 6 memorised, 23 levels left

rFire  . . .     SeeInvis .     C - staff of wizardry
rCold  . . .     Gourm    .     w - +0 ring mail "Raelep" {Str+3}
rNeg   . . .     Faith    .     (no shield)
rPois  .         Spirit   .     (no helmet)
rElec  .         Reflect  .     k - +1 cloak
rCorr  .         Harm     .     (no gloves)
MR     +....                    U - +2 pair of boots
Stlth  +++.......               (no amulet)
                                (no ring)
                                O - ring of stealth

@: lethally poisoned (-3 -> -9), slowed, very slow
A: no striking features
a: Renounce Religion


You were on level 13 of the Dungeon.
You worshipped Vehumet.
Vehumet was most pleased with you.
You were hungry.

You visited 2 branches of the dungeon, and saw 14 of its levels.

You collected 713 gold pieces.
You spent 26 gold pieces at shops.

Inventory:

Missiles
 Q - 96 stones (quivered)
Armour
 k - a +1 cloak (worn)
 w - the +0 ring mail "Raelep" (worn) {Str+3}
   (You found it on level 5 of the Dungeon)

   It affects your strength (+3).
 U - a +2 pair of boots (worn)
Magical Staves
 C - an uncursed staff of wizardry (weapon)
Jewellery
 O - a ring of stealth (left hand)
Wands
 x - a wand of iceblast (11/15)
 F - a wand of flame (23/48)
 H - a wand of flame (26/48)
 I - a wand of enslavement (12/24)
 J - a wand of lightning (8/15)
 X - a wand of acid (11/15)
Scrolls
 e - 10 scrolls of remove curse
 f - 3 scrolls of amnesia
 i - 4 scrolls of fog
 n - 5 scrolls of identify
 p - 3 scrolls of enchant armour
 q - 2 scrolls of fear
 r - 2 scrolls of random uselessness
 t - a scroll of enchant weapon {unknown}
 y - 3 scrolls of noise {unknown}
 B - a scroll of magic mapping {unknown}
 G - a scroll of acquirement
 V - a scroll of summoning
 W - a scroll of immolation {unknown}
Potions
 a - a potion of brilliance
 d - 3 potions of lignification
 h - a potion of mutation
 l - 2 potions of agility
 m - a potion of cure mutation {unknown}
 o - 2 potions of curing
 z - a potion of cancellation {unknown}
 D - a potion of berserk rage
 E - a potion of invisibility {unknown}
 K - a potion of haste {unknown}
 M - a potion of resistance {unknown}
 R - a potion of might {unknown}
Books
 b - a book of Flames

   Spells                             Type                      Level
   a - Flame Tongue                   Conjuration/Fire             1
   b - Throw Flame                    Conjuration/Fire             2
   c - Conjure Flame                  Conjuration/Fire             3
   d - Inner Flame                    Hexes/Fire                   3
   e - Sticky Flame                   Conjuration/Fire             4
   f - Fireball                       Conjuration/Fire             5
 L - a book of Necromancy

   Spells                             Type                      Level
   a - Pain                           Necromancy                   1
   b - Animate Skeleton               Necromancy                   1
   c - Vampiric Draining              Necromancy                   3
   d - Regeneration                   Charms/Necromancy            3
   e - Animate Dead                   Necromancy                   4
   f - Control Undead                 Necromancy                   4
 P - a book of Battle

   Spells                             Type                      Level
   a - Infusion                       Charms                       1
   b - Shroud of Golubria             Charms/Translocation         2
   c - Song of Slaying                Charms                       2
   d - Spectral Weapon                Hexes/Charms                 3
   e - Regeneration                   Charms/Necromancy            3
 S - a book of Changes

   Spells                             Type                      Level
   a - Beastly Appendage              Transmutation                1
   b - Sticks to Snakes               Transmutation                2
   c - Spider Form                    Transmutation/Poison         3
   d - Ice Form                       Ice/Transmutation            4
   e - Blade Hands                    Transmutation                5
 T - a book of Cantrips

   Spells                             Type                      Level
   a - Confusing Touch                Hexes                        1
   b - Animate Skeleton               Necromancy                   1
   c - Summon Small Mammal            Summoning                    1
   d - Apportation                    Translocation                1
Comestibles
 c - 10 bread rations
 j - 10 meat rations
 v - 4 slices of pizza


   Skills:
 + Level 2.2 Fighting
 + Level 2.0 Staves
 + Level 5.2 Armour
 + Level 5.4 Dodging
 + Level 4.2 Stealth
 + Level 14.4 Spellcasting
 + Level 10.9 Conjurations
 + Level 11.3 Fire Magic
 + Level 1.4 Earth Magic


You had 23 spell levels left.
You knew the following spells:

 Your Spells              Type           Power        Failure   Level  Hunger
a - Flame Tongue          Conj/Fire      #####        1%          1    None
b - Throw Flame           Conj/Fire      ######       1%          2    None
c - Conjure Flame         Conj/Fire      ######..     1%          3    None
d - Sandblast             Erth           ####..       1%          1    None
e - Force Lance           Conj/Tloc      #####...     1%          4    None
f - Fireball              Conj/Fire      ######....   1%          5    ##.....


Dungeon Overview and Level Annotations

Branches:
Dungeon (13/15)            Temple (1/1) D:6            Lair (0/6) D:9
    Orc (0/2) D:10
 Vaults: D:13-14

Altars:
Ashenzari
Cheibriados
Dithmenos
Elyvilon
Fedhas
Gozag
Hepliaklqana
Kikubaaqudgha
Makhleb
Nemelex Xobeh
Okawaru
Qazlal
Ru
Sif Muna
Trog
Uskayaw
Vehumet
Xom
Yredelemnul
Zin
The Shining One
Beogh

Shops:
D:6 =   D:7 (   D:8 *   D:10 (   D:12 *   D:13 }

Annotations:
D:13 Azrael


Message History

Confirm with . or Enter, or press ? or * to list all spells.
You don't have enough magic to cast that spell.
Okay, then.
You feel sick.
An iguana comes into view.
You feel sick. The soul eater closely misses you.
Casting: Fireball
Confirm with . or Enter, or press ? or * to list all spells.
Aiming: Flame Tongue
Press: ? - help, Shift-Dir - straight line, f - soul eater
Aim: a soul eater (summoned)
Okay, then.
You feel sick.
A hell hound, a fire elemental, 6 kobolds and Azrael come into view.
Azrael is wielding a scimitar of flaming.
You feel sick.
The kobold shouts!
The kobold throws a stone.
The stone closely misses you.
The soul eater draws from the surrounding life force!
You die...

#.#....#
..§h......#
#.#....#
.§E.§§....#
#.#....#
EK§§hKR...#
#.#....#
.§.K......#
#.#....#
..........#
#.#....#
..K.......#
#<.....#
#K...K....#
########
#.######@(#
#.))(.3...#
#.....K...#
#.........#
#.......(.#
#########
#...l..####
#...÷†...
#....>.#
#C###(...
#......#
#!# #....
#......#
#.###.(..


You could see Azrael (wandering), a soul eater, 2 kobold demonologists, 2 fire
elementals, 2 hell hounds, 3 big kobolds, an iguana and 2 kobolds.

Vanquished Creatures
  A hydra (D:13)
  5 hill giants
  An ugly thing (D:11)
  A wolf spider zombie (D:13)
  A manticore (D:11)
  2 cyclopes
  2 centaur zombies (D:11)
  A rime drake (shapeshifter) (D:11)
  3 trolls
  A meliai zombie (D:11)
  5 hippogriffs
  A vampire (D:13)
  A spriggan (D:8)
  A shadow (D:12)
  11 yaks
  A wyvern (D:11)
  5 humans (D:13)
  A human (shapeshifter) (D:11)
  Eustachio (D:5)
  The ghost of tschems the Shield-Bearer, an amateur HuFi (D:3)
  2 hungry ghosts
  2 soldier ants
  3 sky beasts
  A phantom (D:10)
  An ice beast (D:9)
  6 orc warriors
  8 ogres
  A necrophage (D:11)
  9 centaurs
  A crocodile (D:13)
  2 big kobolds
  11 bullfrogs
  A water moccasin zombie (D:7)
  5 scorpions
  7 killer bees
  9 wights
  2 howler monkeys
  2 electric eels
  3 bullfrog zombies
  A quasit (D:11)
  A bullfrog skeleton (D:5)
  2 centaur skeletons
  7 hounds
  4 jellies
  5 orc priests
  2 iguanas
  10 orc wizards
  9 worker ants
  Natasha (D:4)
  A hound zombie (D:5)
  2 worker ant zombies
  13 gnolls
  8 adders
  3 shadow imps
  2 oozes
  An adder zombie (D:9)
  2 worms (D:3)
  2 dart slugs (D:2)
  4 leopard geckos
  53 orcs
  6 bats
  9 giant cockroaches
  8 goblins
  3 hobgoblins
  18 jackals
  4 quokkas
  15 frilled lizards
  A jackal skeleton (D:5)
  2 jackal zombies
  17 kobolds
  2 quokka zombies
  6 rats
346 creatures vanquished.

Vanquished Creatures (others)
  A quokka (D:9)
1 creature vanquished.

Grand Total: 347 creatures vanquished

Notes
Turn   | Place    | Note
-------+----------+-------------------------------------------
     0 | D:1      | McKennaii the Deep Elf Fire Elementalist began the quest for the Orb.
     0 | D:1      | Reached XP level 1. HP: 10/10 MP: 6/6
   222 | D:1      | Reached XP level 2. HP: 15/15 MP: 4/8
   619 | D:2      | Found a glowing golden altar of the Shining One.
   636 | D:2      | Reached XP level 3. HP: 14/19 MP: 5/10
   888 | D:2      | Reached skill level 4 in Spellcasting
  1142 | D:2      | Reached XP level 4. HP: 24/24 MP: 7/12
  1316 | D:3      | Noticed tschems's ghost (amateur HuFi)
  1336 | D:2      | Learned a level 2 spell: Throw Flame
  1340 | D:2      | Learned a level 3 spell: Conjure Flame
  1798 | D:3      | Killed tschems's ghost
  1798 | D:3      | Reached skill level 5 in Spellcasting
  1798 | D:3      | Reached skill level 5 in Fire Magic
  1798 | D:3      | Reached XP level 5. HP: 18/28 MP: 5/15
  1883 | D:3      | Reached XP level 6. HP: 29/32 MP: 4/16
  2133 | D:3      | Found a shimmering altar of Xom.
  2511 | D:4      | Found a sparkling altar of Nemelex Xobeh.
  2623 | D:4      | Found a hide-covered altar of Uskayaw.
  2625 | D:4      | Noticed a hand axe
  2626 | D:4      | Noticed a dagger
  2890 | D:4      | Reached skill level 6 in Spellcasting
  2931 | D:4      | Noticed Natasha
  2936 | D:4      | Killed Natasha
  3360 | D:5      | Entered Level 5 of the Dungeon
  3360 | D:5      | Noticed Eustachio
  3376 | D:5      | Reached XP level 7. HP: 36/36 MP: 13/18
  3794 | D:5      | Got a jewelled ring mail
  3805 | D:5      | Identified the cursed +0 ring mail "Raelep" {Str+3} (You found it on level 5 of the Dungeon)
  3844 | D:5      | Reached skill level 7 in Spellcasting
  3892 | D:5      | Found an ancient bone altar of Kikubaaqudgha.
  4212 | D:5      | Killed Eustachio
  4398 | D:6      | Reached skill level 5 in Conjurations
  4398 | D:6      | Reached XP level 8. HP: 41/41 MP: 2/21
  4577 | D:6      | Found Ratex's Jewellery Emporium.
  4603 | D:6      | Reached skill level 8 in Spellcasting
  5310 | D:6      | Reached skill level 1 in Armour
  5404 | D:6      | Reached skill level 9 in Spellcasting
  5540 | D:6      | Found a staircase to the Ecumenical Temple.
  5557 | Temple   | Entered the Ecumenical Temple
  5746 | D:6      | Learned a level 5 spell: Fireball
  5836 | D:7      | Found an iron altar of Okawaru.
  5836 | D:7      | Found a bloodstained altar of Trog.
  5893 | D:7      | Found a faded altar of an unknown god.
  5893 | D:7      | Found a faded altar of an unknown god.
  5898 | D:7      | Found a hazy altar of Hepliaklqana.
  5900 | D:7      | Found a faded altar of an unknown god.
  5902 | D:7      | Found a faded altar of an unknown god.
  6330 | D:7      | Found Dicuq's Antique Weapon Boutique.
  6357 | D:7      | Reached XP level 9. HP: 46/46 MP: 16/24
  6690 | D:8      | Found Pischosh's General Store.
  6695 | D:8      | Bought a scroll of identify for 26 gold pieces
  6695 | D:8      | Identified a scroll of acquirement
  6786 | D:8      | Found a stormy altar of Qazlal.
  6848 | D:8      | Reached skill level 10 in Spellcasting
  8002 | D:9      | Found a shattered altar of Ashenzari.
  8009 | D:9      | Found a radiant altar of Vehumet.
  8015 | D:9      | Became a worshipper of Vehumet
  8051 | D:9      | Found a staircase to the Lair.
  8076 | D:9      | Reached skill level 11 in Spellcasting
  8234 | D:9      | Reached XP level 10. HP: 51/51 MP: 8/27
  8442 | D:9      | Noticed a hill giant
  8451 | D:9      | Killed a hill giant
  8635 | D:9      | Found a white marble altar of Elyvilon.
  8992 | D:9      | Reached skill level 1 in Fighting
  8992 | D:9      | Reached skill level 1 in Staves
  9125 | D:10     | Entered Level 10 of the Dungeon
  9210 | D:10     | Found a staircase to the Orcish Mines.
  9398 | D:10     | Found Piprour's Weapon Shop.
  9534 | D:10     | Found a roughly hewn altar of Beogh.
  9731 | D:10     | Reached * piety under Vehumet
  9731 | D:10     | Offered knowledge of Freeze by Vehumet.
 10279 | D:11     | Reached skill level 12 in Spellcasting
 10358 | D:11     | Noticed a manticore
 10362 | D:11     | Killed a manticore
 10679 | D:11     | Noticed a hill giant
 10684 | D:11     | Reached skill level 5 in Dodging
 10686 | D:11     | Killed a hill giant
 10686 | D:11     | Reached ** piety under Vehumet
 10686 | D:11     | Offered knowledge of Sandblast by Vehumet.
 10686 | D:11     | Reached XP level 11. HP: 46/56 MP: 12/29
 10823 | D:11     | Learned a level 1 spell: Sandblast
 10916 | D:11     | Noticed a hill giant
 10933 | D:11     | Killed a hill giant
 11751 | D:11     | Reached skill level 10 in Fire Magic
 11782 | D:11     | Offered knowledge of Static Discharge by Vehumet.
 12077 | D:11     | Noticed a brown ugly thing
 12096 | D:11     | Killed a brown ugly thing
 12096 | D:11     | Reached skill level 1 in Earth Magic
 12171 | D:12     | Noticed a hill giant
 12180 | D:12     | Killed a hill giant
 12180 | D:12     | Reached skill level 13 in Spellcasting
 12180 | D:12     | Reached skill level 10 in Conjurations
 12547 | D:12     | Reached *** piety under Vehumet
 12697 | D:12     | Found Moup's General Store.
 12781 | D:12     | Found an opulent altar of Gozag.
 13084 | D:13     | Noticed a hill giant
 13094 | D:13     | Killed a hill giant
 13644 | D:13     | Offered knowledge of Force Lance by Vehumet.
 13644 | D:13     | Reached skill level 5 in Armour
 14193 | D:13     | Reached skill level 14 in Spellcasting
 14193 | D:13     | Reached XP level 12. HP: 62/62 MP: 8/32
 14408 | D:13     | Found Sasauff's Gadget Shoppe.
 14471 | D:13     | Noticed a five-headed hydra
 14479 | D:13     | Killed a five-headed hydra
 14886 | D:13     | Learned a level 4 spell: Force Lance
 15196 | D:13     | Noticed a centaur warrior
 15211 | D:13     | Noticed Azrael
 15211 | D:13     | Killed from afar by a soul eater

Skill      XL: |  1  2  3  4  5  6  7  8  9 10 11 |
---------------+----------------------------------+-----
Spellcasting   | 4 5 6 7 9 11 12 14 | 14.4
Fire Magic     | 4 5 6 7 8 9 11 | 11.3
Conjurations   | 2 3 5 6 7 9 10 | 10.9
Stealth        | 3 4 |  4.2
Dodging        | 3 4 5 |  5.4
Armour         | 1 3 4 5 |  5.2
Fighting       | 1 2 |  2.2
Staves         | 2 |  2.0
Earth Magic    | 1 |  1.4

Action                   |  1- 3 |  4- 6 |  7- 9 | 10-12 || total
-------------------------+-------+-------+-------+-------++-------
Melee: Unarmed           |     2 |       |    29 |       ||    31
       Staff             |       |       |    28 |    90 ||   118
 Cast: Flame Tongue      |    74 |   118 |   349 |   440 ||   981
       Conjure Flame     |       |     1 |    10 |    30 ||    41
       Throw Flame       |       |       |    17 |    54 ||    71
       Fireball          |       |       |    10 |    62 ||    72
       Sandblast         |       |       |       |    13 ||    13
  Use: Scroll            |       |       |     3 |    19 ||    22
       Potion            |       |       |       |     2 ||     2
  Eat: Chunk             |     1 |     6 |    17 |    18 ||    42
       Royal jelly       |       |       |       |     1 ||     1
       Fruit             |       |       |       |     5 ||     5
       Beef jerky        |       |       |       |     1 ||     1
Armor: Robe              |     9 |     8 |     2 |       ||    19
       Ring mail         |       |       |    74 |   150 ||   224
Dodge: Dodged            |    33 |    20 |   120 |   217 ||   390
